 Dungeon Crawl Stone Soup version 0.18.1-1-g2f07953 (webtiles) character file.

96 oplop the Changer (level 4, -8/29 HPs)
             Began as an Octopode Transmuter on May 7, 2016.
             Killed by divine providence
             ... invoked by an orc priest
              (13 damage)
             ... on level 3 of the Dungeon.
             The game lasted 00:02:42 (1980 turns).

oplop the Changer (Octopode Transmuter)             Turns: 1980, Time: 00:02:43

Health: -8/29      AC:  1    Str:  9    XL:     4   Next: 67%
Magic:  7/7        EV: 12    Int: 16    God:
Gold:   92         SH:  0    Dex: 12    Spells: 1 memorised, 7 levels left

rFire  . . .     SeeInvis .       - Unarmed
rCold  . . .     Gourm    .     (no shield)
rNeg   . . .     Faith    .     (helmet restricted)
rPois  .         Spirit   .     (no amulet)
rElec  .         Dismiss  .     (no ring)
rCorr  .         Reflect  .     (no ring)
SustAt .         Harm     .     (no ring)
MR     .....                    (no ring)
Stlth  ++........               (no ring)
                                (no ring)
                                (no ring)
                                (no ring)

@: appendage (expiring), not resistant to hostile enchantments, unstealthy
A: almost no armour, amphibious, 8 rings, constrict 8, tentacle spike 3,
camouflage 1, gelatinous body 1
a: End Transformation


You were on level 3 of the Dungeon.
You were hungry.
One of your tentacles had a temporary spike.
You visited 1 branch of the dungeon, and saw 3 of its levels.

You collected 92 gold pieces.

Inventory:

Missiles
 a - 12 arrows
Jewellery
 e - an uncursed amulet of dismissal {unknown}
 h - an uncursed ring of magical power {unknown}
Scrolls
 d - a scroll of identify {unknown}
 l - a scroll of blinking {unknown}
Potions
 g - a potion of heal wounds {unknown}
 j - 2 potions of degeneration {unknown}
 k - a potion of brilliance {unknown}
 n - a potion of might {unknown}
Books
 b - a book of Changes

   Spells                             Type                      Level
   a - Beastly Appendage              Transmutation                1
   b - Sticks to Snakes               Transmutation                2
   c - Spider Form                    Transmutation/Poison         3
   d - Ice Form                       Ice/Transmutation            4
   e - Blade Hands                    Transmutation                5
Comestibles
 c - 2 bread rations
 f - a fruit
 i - a meat ration
 m - a royal jelly


   Skills:
 + Level 2.0 Fighting
 + Level 2.7 Dodging
 - Level 3.0 Unarmed Combat
 + Level 2.5 Spellcasting
 * Level 3.3 Transmutations


You had 7 spell levels left.
You knew the following spells:

 Your Spells              Type           Power        Failure   Level  Hunger
a - Beastly Appendage     Trmt           ##....       8%          1    #......


Dungeon Overview and Level Annotations

Branches:
Dungeon (3/15)

Altars:


Innate Abilities, Weirdness & Mutations

You cannot wear most types of armour.
You are amphibious.
You can wear up to eight rings at the same time.
You can use your tentacles to constrict eight enemies at once.
Your skin changes colour to match your surroundings (Stealth).
Your rubbery body absorbs attacks (AC +1).
One of your tentacles bears a large vicious spike.


Message History

Unknown command.
The hobgoblin shouts!
You tentacle-slap the gnoll but do no damage.
You pierce the gnoll.
The gnoll is heavily wounded.
You constrict the gnoll. The gnoll barely misses you.
The gnoll hits you with a whip.
The gnoll struggles to escape constriction.
You tentacle-slap the gnoll.
You kill the gnoll!
Your Fighting skill increases to level 2!
The gnoll hits you from afar with a spear.
The gnoll barely misses you.
Unknown command.
Your transformation is almost over.
The gnoll hits you with a flail of protection!
* * * LOW HITPOINT WARNING * * *
The orc priest invokes the aid of Beogh against you.
Beogh smites you!
You die...

#......<...##########
#..........##..$.....
###).........##...[....
#............##...oo...
########.#.....).......(......
....................#...o.....
....................##.)......
..........############oo......
.....[..........@.g.gggo......
..........############K#......
..<.......# #........
..........# #...g....
..........# .........
########### .#....... #
....... #.....


You could see an orc priest, 3 gnolls, 2 orcs, a goblin and a kobold.

Vanquished Creatures
  A gnoll (D:3)
  2 adders (D:2)
  A worm (D:2)
  6 dart slugs
  3 giant geckos
  5 bats
  3 giant cockroaches
  3 goblins (D:2)
  5 hobgoblins
  4 jackals
  6 kobolds
  A quokka (D:2)
  2 giant newts (D:1)
  5 rats
47 creatures vanquished.

Notes
Turn   | Place    | Note
--------------------------------------------------------------
     0 | D:1      | oplop the Octopode Transmuter began the quest for the Orb.
     0 | D:1      | Reached XP level 1. HP: 13/13 MP: 3/3
   266 | D:1      | Reached XP level 2. HP: 16/18 MP: 3/5
   464 | D:1      | Reached XP level 3. HP: 11/24 MP: 4/6
  1332 | D:2      | Reached XP level 4. HP: 23/29 MP: 5/7
  1980 | D:3      | Killed from afar by an orc priest

Skill      XL: |  1  2  3  4 |
---------------+-------------+-----
Transmutations | 3 |  3.3
Fighting       | 2 |  2.0
Dodging        | |  2.7
Unarmed Combat | |  3.0
Spellcasting   | |  2.5

Action                   |  1- 3 |  4- 6 || total
-------------------------+-------+-------++-------
Melee: Unarmed           |    75 |    33 ||   108
       Kick              |    15 |    10 ||    25
       Constrict         |    19 |    11 ||    30
       Tentacles         |    12 |    10 ||    22
       Punch             |     1 |       ||     1
 Cast: Beastly Appendage |    14 |     7 ||    21
 Stab: Sleeping          |     5 |     3 ||     8
  Eat: Chunk             |     1 |     2 ||     3
Armor: Skin              |     4 |     1 ||     5
Dodge: Dodged            |    40 |    21 ||    61
